 Dungeon Crawl Stone Soup version 0.27.1-35-g4d5d836560 (webtiles) character file.

Game seed: 12488693406796967330

9811 Froggeryz the Covert (level 11, -9/72 HPs)
             Began as an Octopode Berserker on Apr 26, 2022.
             Was a High Priest of Trog.
             Mangled by a meliai (14 damage)
             ... on level 8 of the Dungeon.
             The game lasted 00:17:22 (10870 turns).

Froggeryz the Covert (Octopode Berserker)          Turns: 10870, Time: 00:17:23

Health: -9/72      AC:  2    Str: 17    XL:     11   Next: 52%
Magic:  11/11      EV: 20    Int:  9    God:    Trog [*****.]
Gold:   727        SH:  5    Dex: 15    Spells: 10/10 levels left

rFire    . . .     SeeInvis .   c - +3 short sword
rCold    . . .     Faith    .   (no shield)
rNeg     . . .     Spirit   .   w - +1 hat
rPois    +         Reflect  +   t - amulet of reflection
rElec    .         Harm     .   z - +4 ring of evasion
rCorr    .         Rampage  .   k - ring of willpower
Will     +....                  G - +4 ring of slaying
Stlth    ++++++....             H - ring of poison resistance
HPRegen  0.22/turn              (no ring)
MPRegen  0.12/turn              (no ring)
                                (no ring)
                                (no ring)

@: lethally poisoned (-9 -> -25)
A: almost no armour, amphibious, 8 rings, camouflage 1, gelatinous body 1,
(nimble swimmer 1), tentacles
a: Renounce Religion, Berserk, Trog's Hand, Brothers in Arms


You were on level 8 of the Dungeon.
You worshipped Trog.
Trog was extremely pleased with you.
You visited 1 branch of the dungeon, and saw 8 of its levels.
You also visited: Ossuary.

You collected 1507 gold pieces.
You spent 780 gold pieces at shops.

Inventory:

Hand Weapons
 c - a +3 short sword (weapon)
 y - a +1 dagger of draining
 A - a +1 dagger of venom
 E - the +8 lajatang of the Lost Interlopers {protect, rN+ Int+2 Dex+4}
   (You found it on level 7 of the Dungeon)

   It grants its wielder temporary protection when it strikes (+7 to AC).
   Int:       It affects your intelligence (+2).
   Dex:       It affects your dexterity (+4).
   rN:        It protects you from negative energy.
Missiles
 o - 2 throwing nets
 x - 24 poisoned darts (quivered)
 F - 3 boomerangs
Armour
 w - a +1 hat (worn)
Jewellery
 k - a ring of willpower (right tentacle)
 p - an amulet of guardian spirit
 r - a ring of fire
 t - an amulet of reflection (around mantle)
 z - a +4 ring of evasion (left tentacle)
 G - a +4 ring of slaying (on tentacle)
 H - a ring of poison resistance (on tentacle)
Wands
 v - a wand of iceblast (21)
 D - a wand of flame (17)
Scrolls
 b - 7 scrolls of teleportation
 g - 3 scrolls of immolation
 q - 3 scrolls of enchant armour
 B - 6 scrolls of enchant weapon
 C - a scroll of holy word
Potions
 a - 3 potions of mutation
 d - a potion of degeneration {unknown}
 e - 2 potions of berserk rage {unknown}
 f - 7 potions of flight
 h - a potion of brilliance {unknown}
 i - 4 potions of heal wounds {unknown}
 j - a potion of ambrosia {unknown}
 l - 5 potions of curing
 m - a potion of lignification {unknown}
 n - a potion of haste {unknown}
 s - a potion of magic {unknown}
 u - a potion of might {unknown}


   Skills:
 - Level 6.0 Fighting
 - Level 10.0 Short Blades
 + Level 0.0 Staves
 - Level 8.1 Throwing
 + Level 7.0 Dodging
 - Level 13.3 Stealth


You had 10 spell levels left.
You didn't know any spells.
Your spell library was empty.

Dungeon Overview and Level Annotations

Branches:
Dungeon (8/15)             Temple (0/1) D:6         Ossuary (visited)
   Lair: D:8-11

Altars:
Elyvilon
Hepliaklqana
Okawaru
Sif Muna
Vehumet
Wu Jian

Shops:
D:1 =


Innate Abilities, Weirdness & Mutations

You cannot wear most types of armour.
You are amphibious.
You can wear up to eight rings at the same time.
Your skin changes colour to match your surroundings (Stealth+).
Your rubbery body absorbs attacks. (AC +1, EV +1)
((You are camouflaged near water. (Stealth+)))
You have tentacles for arms and can constrict up to eight enemies at once.


Message History

Found a stone staircase leading up.
Found 5 large rocks and 9 gold pieces.
Found a pair of gloves.
You see here 5 large rocks.
You now have 727 gold pieces (gained 9).
Found a scroll of noise.
A centaur warrior comes into view.
The helpless centaur warrior fails to defend itself.
You stick the centaur warrior like a pincushion!!!!
You kill the centaur warrior!
Trog accepts your kill.
Your Throwing skill increases to level 8!
Your Dodging skill increases to level 7!
Things that are here:
a +0 shortbow; 20 arrows 2 meliai come into view.
There are monsters nearby!
A meliai comes into view. It is wielding a +0 broad axe.
The meliai buzzes angrily. x2
The meliai hits you with a +0 broad axe!
You block the meliai's attack. The meliai hits you with a +0 hand axe.
The meliai stings you.
You are poisoned.
The meliai poisons you!
The meliai hits you with a +0 broad axe.
The meliai stings you!
Okay, then.
Okay, then.
Okay, then.
Okay, then.
Your ogre goes berserk!
You feel very sick. You block the meliai's attack. The meliai stings you!
The meliai completely misses you. The meliai stings you!
* * * LOW HITPOINT WARNING * * *
The meliai hits you with a +0 hand axe!
* * * LOW HITPOINT WARNING * * *
The meliai completely misses you.
The meliai hits you with a +0 broad axe!
You die...

.#...## *##...,** *,,,*
......# ###...,,**###..,**
.....## #.....#**#.#...,,*
...#..#**#......*#......,**
#....##.##......#.......**
#.......##............##*
##..#...........y.......*
######..........y....#** *
*,.........@y....# *
#........O..######
***###...........#
,.##.#..........##
,..............###
.*#.#....#.....#.##
.###..#..#.....#..#
......#...........#
..................#


You could see 3 meliai and a friendly ogre (summoned, berserk).

Vanquished Creatures
  A hydra (D:7)
  A death knight (D:7)
  A centaur warrior (D:8)
  A skeletal warrior (D:7)
  An ugly thing (D:7)
  A cyclops (D:7)
  Joseph (D:7)
  A troll (D:7)
  A slime creature (D:7)
  Sigmund (D:3)
  A vampire (D:7)
  2 vampire mosquitoes (D:7)
  2 water moccasins
  A black bear (D:7)
  4 sky beasts
  4 ice beasts (D:7)
  4 orc warriors
  4 ogres
  3 necrophages (D:7)
  4 centaurs (D:7)
  A phantom (D:3)
  2 kobold brigands (D:7)
  2 elf zombies (Ossuary)
  4 scorpions
  5 bullfrogs (D:7)
  A gnoll sergeant (D:7)
  A water moccasin zombie (D:7)
  2 wyvern skeletons
  13 wights
  A crimson imp (D:6)
  A jelly (D:5)
  A human zombie (Ossuary)
  4 orc priests
  A centaur zombie (D:7)
  4 hounds
  5 centaur skeletons
  2 bullfrog skeletons
  A bullfrog zombie (D:7)
  A gnoll shaman (D:7)
  3 iguanas
  Terence (D:3)
  4 orc wizards
  A hound skeleton (D:4)
  4 mummies (Ossuary)
  A howler monkey zombie (D:8)
  15 gnolls
  7 adders
  3 howler monkey skeletons
  2 shadow imps (D:7)
  3 white imps
  2 ufetubi
  2 adder zombies (Ossuary)
  An adder skeleton (D:4)
  A dart slug (D:1)
  9 orcs
  5 bats
  12 endoplasms
  6 giant cockroaches
  4 gnoll zombies (Ossuary)
  5 goblins
  9 hobgoblins
  9 kobolds
  7 quokkas
  5 ball pythons
  A frilled lizard (D:1)
  2 kobold zombies (Ossuary)
  4 rats
  A rat zombie (Ossuary)
220 creatures vanquished.

Vanquished Creatures (others)
  25 plants (D:2)
  7 withered plants (D:7)
32 creatures vanquished.

Grand Total: 252 creatures vanquished

Notes
Turn   | Place    | Note
-------+----------+-------------------------------------------
     0 | D:1      | Froggeryz the Octopode Berserker began the quest for the
                  | Orb.
     0 | D:1      | Reached XP level 1. HP: 16/16 MP: 1/1
   192 | D:1      | Reached XP level 2. HP: 21/21 MP: 2/2
   226 | D:1      | Found Koluukoe's Jewellery Boutique.
   758 | D:2      | Reached XP level 3. HP: 20/26 MP: 3/3
  1495 | D:2      | You fall into a shaft and drop 1 floor!
  1654 | D:3      | Noticed a phantom
  1709 | D:3      | Noticed a scorpion
  1712 | D:3      | Killed a scorpion
  1712 | D:3      | Reached ** piety under Trog
  1713 | D:3      | Reached skill level 5 in Short Blades
  1713 | D:3      | Reached XP level 4. HP: 31/31 MP: 4/4
  1717 | D:3      | Killed a phantom
  1718 | D:3      | Reached XP level 5. HP: 36/36 MP: 5/5
  1810 | D:3      | Noticed Terence
  1813 | D:3      | Killed Terence
  1848 | D:3      | Reached XP level 6. HP: 37/42 MP: 6/6
  1851 | D:3      | Reached skill level 1 in Stealth
  2201 | D:2      | Reached skill level 2 in Stealth
  2965 | D:3      | Noticed Sigmund
  2974 | D:3      | Killed Sigmund
  2975 | D:3      | Reached skill level 3 in Stealth
  2975 | D:3      | Reached XP level 7. HP: 46/46 MP: 4/7
  3391 | D:4      | Reached skill level 4 in Stealth
  3431 | D:4      | Reached *** piety under Trog
  4223 | D:4      | Reached skill level 5 in Stealth
  4285 | D:5      | Entered Level 5 of the Dungeon
  4336 | D:5      | Reached XP level 8. HP: 20/52 MP: 8/8
  4540 | D:5      | Reached skill level 6 in Stealth
  4647 | D:5      | Found an iron altar of Okawaru.
  4696 | D:5      | Reached skill level 7 in Stealth
  4708 | D:5      | Found a sand-covered staircase.
  4713 | Ossuary  | Entered an ossuary
  4734 | Ossuary  | Reached **** piety under Trog
  4925 | Ossuary  | Reached skill level 10 in Short Blades
  5191 | D:5      | Reached XP level 9. HP: 56/56 MP: 9/9
  5671 | D:6      | Reached skill level 1 in Throwing
  5676 | D:6      | Reached skill level 8 in Stealth
  5785 | D:6      | Found a staircase to the Ecumenical Temple.
  6509 | D:6      | Found an ornate altar of the Wu Jian Council.
  6527 | D:6      | Found a white marble altar of Elyvilon.
  6533 | D:6      | Found a shimmering blue altar of Sif Muna.
  6534 | D:6      | Found a hazy altar of Hepliaklqana.
  6537 | D:6      | Found a radiant altar of Vehumet.
  6716 | D:7      | Reached skill level 9 in Stealth
  7183 | D:7      | Reached skill level 5 in Fighting
  7527 | D:7      | Reached skill level 10 in Stealth
  7544 | D:7      | HP: 2/61 [kobold brigand (5)]
  7546 | D:7      | Reached XP level 10. HP: 11/67 MP: 10/10
  8022 | D:7      | Reached skill level 5 in Throwing
  8156 | D:7      | Noticed a death knight
  8196 | D:7      | Killed a death knight
  8197 | D:7      | Reached skill level 11 in Stealth
  8589 | D:7      | Noticed a cyclops
  8627 | D:7      | Killed a cyclops
  8769 | D:7      | Noticed a purple ugly thing
  8776 | D:7      | Killed a purple ugly thing
  8777 | D:7      | Reached skill level 5 in Dodging
  8780 | D:7      | Reached skill level 12 in Stealth
  8784 | D:7      | Reached ***** piety under Trog
  8872 | D:7      | Reached XP level 11. HP: 71/72 MP: 11/11
  8879 | D:7      | Noticed Joseph
  8881 | D:7      | Killed Joseph
  9007 | D:7      | Noticed a skeletal warrior
  9007 | D:7      | Noticed a seven-headed hydra
  9009 | D:7      | Killed a seven-headed hydra
  9012 | D:7      | Killed a skeletal warrior
  9014 | D:7      | Identified the +8 lajatang of the Lost Interlopers
                  | {protect, rN+ Int+2 Dex+4}
  9394 | D:7      | Reached skill level 13 in Stealth
  9647 | D:8      | HP: 3/72 [orc priest (7)]
 10355 | D:8      | Identified a scroll of acquirement
 10355 | D:8      | Acquired 942 gold pieces
 10552 | D:1      | Bought a +4 ring of slaying for 780 gold pieces
 10831 | D:8      | Noticed a centaur warrior
 10835 | D:8      | Killed a centaur warrior
 10870 | D:8      | Mangled by a meliai

Illustrated notes

Levels and vault maps discovered:
D:1:      minmay_arrival_stair_chambers, layout_rooms, serial_shops, shop,
          nrook_mini_backslash
D:2:      layout_basic, serial_bayou, serial_bayou_shore_b, serial_bayou_ford_a,
          serial_bayou_pond_b, serial_bayou_shore_a, dk_noncrumbling_3,
          mrwooster_statue_mirror
D:3:      layout_loops_ring, kennysheep_generic_room_15, uniq_terence,
          uniq_sigmund
D:4:      minmay_door_path, layout_basic
D:5:      layout_loops_ring, okawaru_altar_gauntlet_db, enter_ossuary_2
D:6:      layout_basic, minitemple, minmay_temple_entry_butterflies,
          hangedman_abyss_or_decor_jellyfish_corner, minmay_fire_ice_demons
D:7:      nzn_winding_woodlands_large [nzn_winding_woodlands_5x5_cross,
          nzn_winding_woodlands_5x15_crooked, nzn_winding_woodlands_5x5_default,
          nzn_winding_woodlands_center_lodge,
          nzn_winding_woodlands_15x15_boxy_spiral,
          nzn_winding_woodlands_center_pierced_h,
          nzn_winding_woodlands_5x5_closed_star,
          nzn_winding_woodlands_5x15_concentric,
          nzn_winding_woodlands_5x5_perimeter], layout_loops_ring,
          serial_undead, serial_undead_b, serial_undead_b, serial_undead_c,
          serial_undead_d, serial_undead_a, serial_undead_b, chequers_arboretum,
          uniq_joseph
D:8:      layout_cave_pools

Skill      XL: |  1  2  3  4  5  6  7  8  9 10 11 |
---------------+----------------------------------+-----
Short Blades   | 4 5 6 7 8 10 | 10.0
Stealth        | 3 5 7 10 12 13 | 13.3
Throwing       | 4 6 8 |  8.1
Fighting       | 5 6 |  6.0
Dodging        | 5 7 |  7.0

Action                   |  1- 3 |  4- 6 |  7- 9 | 10-12 || total
-------------------------+-------+-------+-------+-------++-------
Melee: Short sword       |    48 |    66 |   264 |   166 ||   544
       Tentacles         |    11 |     8 |    67 |    60 ||   146
       Constrict         |    11 |    14 |    55 |    31 ||   111
       Dagger            |       |       |    50 |    46 ||    96
Throw: Dart              |       |       |       |    20 ||    20
       Throwing net      |       |       |       |     2 ||     2
Invok: Berserk           |       |     3 |     2 |     1 ||     6
       Trog's Hand       |       |     1 |     2 |     2 ||     5
       Brothers in Arms  |       |       |       |     1 ||     1
  Use: Scroll            |       |       |    11 |     4 ||    15
       Potion            |       |       |     1 |     2 ||     3
 Stab: Sleeping          |     3 |     9 |    30 |    13 ||    55
       Distracted        |       |     2 |       |       ||     2
       Held in net/web   |       |       |       |     2 ||     2
Armor: Skin              |     1 |     1 |     8 |     8 ||    18
Dodge: Dodged            |    24 |    26 |   106 |   105 ||   261
Block: Other             |       |       |    32 |    30 ||    62
       Reflection        |       |       |       |     1 ||     1
